TOP OF THE 1ST |
Havana Rollers batting - Pitching for Amarillo Archdukes : RHP Ignacio Torres
|
Pitching: RHP Ignacio Torres
|
|
Batting: LHB Jimmy Husted
|
0-0: Called Strike 0-1: Ball 1-1: Ball 2-1: Ball 3-1: Foul Ball, location: 2F 3-2: Base on Balls
|
Batting: RHB Ed Sims
|
0-0: Called Strike 0-1: Ball 1-1: Ball Wild Pitch! Jimmy Husted to second 2-1: Fly out, F7 (Flyball, 7LS)
|
Batting: LHB Enrique Cortéz
|
0-0: SINGLE (Line Drive, 78S) Jimmy Husted to third Runner from 3rd tries for Home, SAFE, no throw or cutoff
|
Batting: LHB Wilson Allen
|
0-0: Ball Enrique Cortéz is caught stealing 2nd base 1-0: Called Strike 1-1: SINGLE (Groundball, 3D)
|
Batting: SHB Pepe Piña
|
0-0: SINGLE (Groundball, 56D) Wilson Allen to second
|
Batting: RHB Salvador Borbón
|
0-0: Ball 1-0: Ball 2-0: Ball 3-0: Called Strike 3-1: Base on Balls Wilson Allen to third Pepe Piña to second
|
Batting: RHB Jack Bailey
|
0-0: Called Strike 0-1: Fly out, F3 (Popup, 3)
|
Top of the 1st over - 1 run(s), 3 hit(s), 0 error(s), 3 left on base; Havana 1 - Amarillo 0 |
BOTTOM OF THE 1ST |
Amarillo Archdukes batting - Pitching for Havana Rollers : RHP Derek Simpson
|
Pitching: RHP Derek Simpson
|
|
Batting: RHB Tony Quinn
|
0-0: Ball 1-0: Ball 2-0: Ball 3-0: Called Strike 3-1: Base on Balls
|
Batting: RHB Ronald Parsons
|
0-0: Ball 1-0: Called Strike 1-1: Swinging Strike 1-2: Strikes out looking
|
Batting: LHB Chris Pryor
|
0-0: Ball Wild Pitch! Tony Quinn to second 1-0: Ball 2-0: Foul Ball, location: 2F 2-1: Called Strike 2-2: Strikes out swinging
|
Batting: RHB Tim Chambers
|
0-0: Called Strike 0-1: Foul Ball, location: 2F 0-2: Foul Ball, location: 2F 0-2: Fly out, F9 (Line Drive, 89M)
|
Bottom of the 1st over - 0 run(s), 0 hit(s), 0 error(s), 1 left on base; Havana 1 - Amarillo 0 |
TOP OF THE 2ND |
Havana Rollers batting - Pitching for Amarillo Archdukes : RHP Ignacio Torres
|
Batting: RHB Francisco Rincón
|
0-0: Ball 1-0: SINGLE (Line Drive, 6MD)
|
Batting: LHB José Torres
|
0-0: Swinging Strike 0-1: Swinging Strike 0-2: Strikes out swinging
|
Batting: LHB Jimmy Husted
|
0-0: Ball Pickoff Throw to First - Out! 1-0: Fly out, F4 (Popup, 34D)
|
Top of the 2nd over - 0 run(s), 1 hit(s), 0 error(s), 0 left on base; Havana 1 - Amarillo 0 |
BOTTOM OF THE 2ND |
Amarillo Archdukes batting - Pitching for Havana Rollers : RHP Derek Simpson
|
Batting: LHB Howard Lambert
|
0-0: Ground out 4-3 (Groundball, 4)
|
Batting: RHB Jorge Espinosa
|
0-0: Ball 1-0: Called Strike 1-1: Ball 2-1: Foul Ball, location: 2F 2-2: Ball 3-2: SINGLE (Groundball, 56D)
|
Batting: RHB Nobuharu Hoshino
|
0-0: Called Strike 0-1: Swinging Strike 0-2: Ball 1-2: Foul Ball, location: 2F 1-2: Foul Ball, location: 2F 1-2: Ball 2-2: Ball 3-2: Fly out, F8 (Line Drive, 8LD)
|
Batting: RHB José Tamayo
|
0-0: Foul Ball, location: 2F 0-1: Ball 1-1: Foul Ball, location: 2F 1-2: Strikes out swinging
|
Bottom of the 2nd over - 0 run(s), 1 hit(s), 0 error(s), 1 left on base; Havana 1 - Amarillo 0 |
TOP OF THE 3RD |
Havana Rollers batting - Pitching for Amarillo Archdukes : RHP Ignacio Torres
|
Batting: RHB Ed Sims
|
0-0: SINGLE (Groundball, 34D)
|
Batting: LHB Enrique Cortéz
|
0-0: Ball 1-0: DOUBLE (Line Drive, 89D) Ed Sims to third Runner from 3rd tries for Home, SAFE, no throw or cutoff
|
Batting: LHB Wilson Allen
|
0-0: Ball 1-0: Ball 2-0: Swinging Strike 2-1: Called Strike 2-2: Strikes out swinging
|
Batting: SHB Pepe Piña
|
0-0: Ball 1-0: Ball 2-0: Ball 3-0: Called Strike 3-1: Base on Balls
|
Batting: RHB Salvador Borbón
|
0-0: Called Strike 0-1: Ball 1-1: Ball 2-1: Foul Ball, location: 2F 2-2: Ball 3-2: Strikes out swinging
|
Batting: RHB Jack Bailey
|
0-0: Called Strike 0-1: Ball 1-1: Ball 2-1: Foul Ball, location: 2F 2-2: SINGLE (Line Drive, 6MD) Enrique Cortéz to third Pepe Piña to second Runner from 3rd tries for Home, SAFE, throw made home Pepe Piña to third Jack Bailey to second
|
Batting: RHB Francisco Rincón
|
0-0: Ball 1-0: Ball 2-0: Called Strike 2-1: Ball 3-1: Called Strike 3-2: Foul Ball, location: 2F 3-2: Fly out, F7 (Flyball, 7S)
|
Top of the 3rd over - 2 run(s), 3 hit(s), 0 error(s), 2 left on base; Havana 3 - Amarillo 0 |
BOTTOM OF THE 3RD |
Amarillo Archdukes batting - Pitching for Havana Rollers : RHP Derek Simpson
|
Batting: RHB Mark Roy
|
0-0: Swinging Strike 0-1: Foul Ball, location: 2F 0-2: Foul Ball, location: 2F 0-2: Foul Ball, location: 2F 0-2: Ball 1-2: Ground out 4-3 (Groundball, 4M)
|
Batting: RHB Tony Quinn
|
0-0: Called Strike 0-1: Foul Ball, location: 2F 0-2: Foul Ball, location: 2F 0-2: Ball 1-2: Ball 2-2: Ground out 6-3 (Groundball, 6)
|
Batting: RHB Ronald Parsons
|
0-0: Ball 1-0: Ball 2-0: Ball 3-0: Ground out 6-3 (Groundball, 6M)
|
Bottom of the 3rd over - 0 run(s), 0 hit(s), 0 error(s), 0 left on base; Havana 3 - Amarillo 0 |
TOP OF THE 4TH |
Havana Rollers batting - Pitching for Amarillo Archdukes : RHP Ignacio Torres
|
Batting: LHB José Torres
|
0-0: Ball 1-0: Ball 2-0: DOUBLE (Flyball, 78D) - OUT at third base trying to stretch hit.
|
Batting: LHB Jimmy Husted
|
0-0: Foul Ball, location: 2F 0-1: Fly out, F9 (Flyball, 9D)
|
Batting: RHB Ed Sims
|
0-0: Ball 1-0: Foul Ball, location: 2F 1-1: Reached on error, E5 (Groundball, 5D)
|
Batting: LHB Enrique Cortéz
|
0-0: Called Strike 0-1: Fly out, F6 (Line Drive, 6)
|
Top of the 4th over - 0 run(s), 1 hit(s), 1 error(s), 1 left on base; Havana 3 - Amarillo 0 |
BOTTOM OF THE 4TH |
Amarillo Archdukes batting - Pitching for Havana Rollers : RHP Derek Simpson
|
Batting: LHB Chris Pryor
|
0-0: SINGLE (Groundball, 56D)
|
Batting: RHB Tim Chambers
|
0-0: Called Strike 0-1: Ball 1-1: Called Strike 1-2: Ball 2-2: Strikes out looking
|
Batting: LHB Howard Lambert
|
0-0: Ball 1-0: SINGLE (Groundball, 34D) Chris Pryor to second Runner from 2nd tries for 3rd, SAFE, no throw or cutoff
|
Batting: RHB Jorge Espinosa
|
0-0: Ball 1-0: Ball 2-0: Ball 3-0: Called Strike 3-1: Swinging Strike 3-2: Strikes out looking
|
Batting: RHB Nobuharu Hoshino
|
0-0: Ball 1-0: Called Strike 1-1: Swinging Strike Passed Ball! Chris Pryor scores Howard Lambert to second 1-2: Fly out, F8 (Flyball, 8LXD)
|
Bottom of the 4th over - 1 run(s), 2 hit(s), 0 error(s), 1 left on base; Havana 3 - Amarillo 1 |
TOP OF THE 5TH |
Havana Rollers batting - Pitching for Amarillo Archdukes : RHP Ignacio Torres
|
Batting: LHB Wilson Allen
|
0-0: Ball 1-0: Called Strike 1-1: Ground out 4-3 (Groundball, 4)
|
Batting: SHB Pepe Piña
|
0-0: Swinging Strike 0-1: Ball 1-1: Ball 2-1: Called Strike 2-2: Fly out, F5 (Popup, 56)
|
Batting: RHB Salvador Borbón
|
0-0: Foul Ball, location: 2F 0-1: Ball 1-1: Foul Ball, location: 2F 1-2: Ball 2-2: Strikes out swinging
|
Top of the 5th over - 0 run(s), 0 hit(s), 0 error(s), 0 left on base; Havana 3 - Amarillo 1 |
BOTTOM OF THE 5TH |
Amarillo Archdukes batting - Pitching for Havana Rollers : RHP Derek Simpson
|
Batting: RHB José Tamayo
|
0-0: Fly out, F6 (Popup, 6D)
|
Batting: RHB Mark Roy
|
0-0: Ball 1-0: Ball 2-0: Ball 3-0: Base on Balls
|
Batting: RHB Tony Quinn
|
0-0: Ball 1-0: Swinging Strike 1-1: Ball 2-1: Foul Ball, location: 2F 2-2: Ball 3-2: Base on Balls Mark Roy to second
|
Batting: RHB Ronald Parsons
|
0-0: Called Strike 0-1: Called Strike 0-2: SINGLE (Line Drive, 78S) Mark Roy to third Tony Quinn to second Runner from 3rd tries for Home, SAFE, throw made home Tony Quinn to third Ronald Parsons to second
|
Batting: LHB Chris Pryor
|
0-0: Fly out, F2 (Popup, 2LF)
|
Batting: RHB Tim Chambers
|
0-0: Ball 1-0: Called Strike 1-1: Foul Ball, location: 2F 1-2: Ball 2-2: Foul Ball, location: 2F 2-2: Strikes out swinging
|
Bottom of the 5th over - 1 run(s), 1 hit(s), 0 error(s), 2 left on base; Havana 3 - Amarillo 2 |
TOP OF THE 6TH |
Havana Rollers batting - Pitching for Amarillo Archdukes : RHP Ignacio Torres
|
Batting: RHB Jack Bailey
|
0-0: Called Strike 0-1: Ball 1-1: Called Strike 1-2: Ball 2-2: Ball 3-2: Base on Balls
|
Batting: RHB Francisco Rincón
|
0-0: Called Strike 0-1: Foul Ball, location: 2F 0-2: Foul Ball, location: 2F 0-2: Ball 1-2: Fielders Choice at 2nd, 4-6 (Groundball, 34)
|
Batting: LHB José Torres
|
0-0: Ball 1-0: Swinging Strike 1-1: Ball 2-1: Fly out, F7 (Flyball, 7M)
|
Batting: LHB Jimmy Husted
|
0-0: Ball 1-0: Ball 2-0: Foul Ball, location: 2F 2-1: Foul Ball, location: 2F 2-2: Ball 3-2: Foul Ball, location: 2F 3-2: Ground out 6-3 (Groundball, 6)
|
Top of the 6th over - 0 run(s), 0 hit(s), 0 error(s), 1 left on base; Havana 3 - Amarillo 2 |
BOTTOM OF THE 6TH |
Amarillo Archdukes batting - Pitching for Havana Rollers : RHP Derek Simpson
|
Batting: LHB Howard Lambert
|
0-0: Ball 1-0: Ball 2-0: Foul Ball, location: 2F 2-1: Foul Ball, location: 2F 2-2: Strikes out looking
|
Batting: RHB Jorge Espinosa
|
0-0: Ball 1-0: Ball 2-0: Foul Ball, location: 2F 2-1: Fly out, F9 (Flyball, 9LD)
|
Batting: RHB Nobuharu Hoshino
|
0-0: Called Strike 0-1: Ground out 6-3 (Groundball, 6M)
|
Bottom of the 6th over - 0 run(s), 0 hit(s), 0 error(s), 0 left on base; Havana 3 - Amarillo 2 |
TOP OF THE 7TH |
Havana Rollers batting - Pitching for Amarillo Archdukes : RHP Ignacio Torres
|
Pitching: RHP Atsushi Kataoka
|
|
Batting: RHB Ed Sims
|
0-0: Fly out, F9 (Flyball, 9LD)
|
Pitching: LHP Charlie Conner
|
|
Batting: LHB Enrique Cortéz
|
0-0: Ball 1-0: Ball 2-0: Ball 3-0: Called Strike 3-1: Base on Balls
|
Pitching: RHP Artie Byrne
|
|
Batting: LHB Wilson Allen
|
0-0: Ball 1-0: Swinging Strike 1-1: 2-RUN HOME RUN (Flyball, 9D), Distance : 350 ft
|
Batting: SHB Pepe Piña
|
0-0: Fly out, F8 (Flyball, 8LXD)
|
Batting: RHB Salvador Borbón
|
0-0: Called Strike 0-1: Ball 1-1: Ball 2-1: Called Strike 2-2: Ball 3-2: Base on Balls
|
Batting: RHB Jack Bailey
|
0-0: Ball 1-0: Ball 2-0: Ball 3-0: Base on Balls Salvador Borbón to second
|
Batting: RHB Francisco Rincón
|
0-0: Ball 1-0: Ball 2-0: Swinging Strike 2-1: Foul Ball, location: 2F 2-2: Strikes out swinging
|
Top of the 7th over - 2 run(s), 1 hit(s), 0 error(s), 2 left on base; Havana 5 - Amarillo 2 |
BOTTOM OF THE 7TH |
Amarillo Archdukes batting - Pitching for Havana Rollers : RHP Derek Simpson
|
Pitching: RHP Alfonso Ortíz
|
|
Batting: RHB José Tamayo
|
0-0: Called Strike 0-1: Ball 1-1: Ground out 4-3 (Groundball, 4)
|
Batting: RHB Mark Roy
|
0-0: SINGLE (Groundball, 5D)
|
Batting: RHB Tony Quinn
|
0-0: Ball 1-0: Ball 2-0: Swinging Strike 2-1: Called Strike 2-2: Foul Ball, location: 2F 2-2: Fly out, F7 (Line Drive, 78M)
|
Batting: RHB Ronald Parsons
|
0-0: SINGLE (Groundball, 34D) Mark Roy to second Runner from 2nd tries for 3rd, SAFE, no throw or cutoff
|
Batting: LHB Chris Pryor
|
0-0: Ball 1-0: Foul Ball, location: 2F 1-1: Ball 2-1: Foul Ball, location: 2F 2-2: Ball 3-2: Base on Balls Ronald Parsons to second
|
Batting: RHB Tim Chambers
|
0-0: Foul Ball, location: 2F 0-1: Ball 1-1: Fly out, F5 (Popup, 5SF)
|
Bottom of the 7th over - 0 run(s), 2 hit(s), 0 error(s), 3 left on base; Havana 5 - Amarillo 2 |
TOP OF THE 8TH |
Havana Rollers batting - Pitching for Amarillo Archdukes : RHP Artie Byrne
|
Batting: LHB José Torres
|
0-0: Foul Ball, location: 2F 0-1: Ball 1-1: Foul Ball, location: 2F 1-2: Foul Ball, location: 2F Single, Error in OF, E9, batter to second base
|
Batting: LHB Jimmy Husted
|
0-0: Ball 1-0: Ball 2-0: Bunted foul 2-1: Sac Bunt - play at first, batter OUT! 1-4 José Torres to third
|
Batting: RHB Ed Sims
|
0-0: Foul Ball, location: 2F 0-1: Ball 1-1: Ball 2-1: 2-RUN HOME RUN (Line Drive, 7LD), Distance : 332 ft
|
Pitching: RHP Pedro Lara
|
|
Batting: LHB Enrique Cortéz
|
0-0: Swinging Strike 0-1: Ball 1-1: Ground out 4-3 (Groundball, 4)
|
Batting: LHB Wilson Allen
|
0-0: Ball 1-0: Ball 2-0: Ball 3-0: Called Strike 3-1: Base on Balls
|
Batting: SHB Pepe Piña
|
0-0: Ball 1-0: Ball 2-0: Ball 3-0: Foul Ball, location: 2F 3-1: Called Strike 3-2: Foul Ball, location: 2F 3-2: 2-RUN HOME RUN (Flyball, 89XD), Distance : 382 ft
|
Batting: RHB Salvador Borbón
|
0-0: Swinging Strike 0-1: Ball 1-1: Swinging Strike 1-2: Strikes out swinging
|
Top of the 8th over - 4 run(s), 3 hit(s), 1 error(s), 0 left on base; Havana 9 - Amarillo 2 |
BOTTOM OF THE 8TH |
Amarillo Archdukes batting - Pitching for Havana Rollers : RHP Alfonso Ortíz
|
Now at 1B: Zhi-huan Loong
|
|
Batting: LHB Howard Lambert
|
0-0: Ball 1-0: Fly out, F7 (Flyball, 78M)
|
Batting: RHB Jorge Espinosa
|
0-0: Foul Ball, location: 2F 0-1: Fly out, F3 (Popup, 3F)
|
Batting: RHB Nobuharu Hoshino
|
0-0: Ball 1-0: Ball 2-0: Swinging Strike 2-1: Foul Ball, location: 2F 2-2: Ball 3-2: Foul Ball, location: 2F 3-2: Strikes out swinging
|
Bottom of the 8th over - 0 run(s), 0 hit(s), 0 error(s), 0 left on base; Havana 9 - Amarillo 2 |
TOP OF THE 9TH |
Havana Rollers batting - Pitching for Amarillo Archdukes : RHP Pedro Lara
|
Batting: RHB Jack Bailey
|
0-0: Ball 1-0: Swinging Strike 1-1: Fly out, F7 (Flyball, 7S)
|
Batting: RHB Francisco Rincón
|
0-0: Called Strike 0-1: Called Strike 0-2: Ball 1-2: Foul Ball, location: 2F 1-2: Strikes out looking
|
Batting: LHB José Torres
|
0-0: SINGLE (Line Drive, 34)
|
Batting: LHB Jimmy Husted
|
0-0: Called Strike José Torres steals 2nd base 0-1: Ball 1-1: Swinging Strike 1-2: Ball 2-2: Fly out, F7 (Flyball, 7M)
|
Top of the 9th over - 0 run(s), 1 hit(s), 0 error(s), 1 left on base; Havana 9 - Amarillo 2 |
BOTTOM OF THE 9TH |
Amarillo Archdukes batting - Pitching for Havana Rollers : RHP Alfonso Ortíz
|
Now in LF: Paul Bailey
|
|
Batting: RHB José Tamayo
|
0-0: Called Strike 0-1: SINGLE (Flyball, 89S)
|
Batting: RHB Mark Roy
|
0-0: SINGLE (Flyball, 3D) José Tamayo to second
|
Batting: RHB Tony Quinn
|
0-0: Ball 1-0: Called Strike 1-1: Ball 2-1: Ball 3-1: Base on Balls José Tamayo to third Mark Roy to second
|
Batting: RHB Ronald Parsons
|
0-0: Foul Ball, location: 2F 0-1: Hit by Pitch José Tamayo scores Mark Roy to third Tony Quinn to second
|
Batting: LHB Chris Pryor
|
0-0: Ball 1-0: Fly out, F7 (Flyball, 7D) Runner from 3rd tags up, SCORES, no throw
|
Batting: RHB Tim Chambers
|
0-0: Ball 1-0: Ball 2-0: DOUBLE (Flyball, 7S) Tony Quinn scores Ronald Parsons to third
|
Pitching: RHP Alejandro Pérez
|
|
Batting: LHB Howard Lambert
|
0-0: Ball 1-0: Ball 2-0: SINGLE (Groundball, 34D) Ronald Parsons scores Tim Chambers to third
|
Batting: RHB Jorge Espinosa
|
0-0: Ball 1-0: Ball 2-0: SINGLE (Groundball, 34D) Tim Chambers scores Howard Lambert to second Runner from 2nd tries for 3rd, SAFE, throw made to third
|
Pinch Hitting: RHB Mitsuoki Taguchi
|
0-0: Foul Ball, location: 2F 0-1: Called Strike 0-2: Ball 1-2: Foul Ball, location: 2F 1-2: Ball 2-2: Grounds into double play, 1-6-3 (Groundball, 13S)
|
Bottom of the 9th over - 5 run(s), 5 hit(s), 0 error(s), 1 left on base; Havana 9 - Amarillo 7 |
|